 Dungeon Crawl Stone Soup version 0.32-a0-540-g866d13106e (webtiles) character file.

Game seed: 983879801571511870

122 Fodor the Covered (level 4, -5/41 HPs)
             Began as a Minotaur Fighter on Feb 28, 2024.
             Slain by a gnoll
             ... wielding a +0 spear
              (8 damage)
             ... on level 4 of the Dungeon.
             The game lasted 00:08:46 (2292 turns).

Fodor the Covered (Minotaur Fighter)                Turns: 2292, Time: 00:08:46

Health: -5/41      AC:  8    Str: 22    XL:     4   Next: 78%
Magic:  3/3        EV:  9    Int:  5    God:
Gold:   168        SH:  4    Dex: 10    Spells: 3/3 levels left

rFire   . . .        a - +0 war axe
rCold   . . .        c - +0 buckler
rNeg    . . .        b - +0 scale mail
rPois   .            (helmet restricted)
rElec   .            n - +0 cloak
rCorr   .            (no gloves)
SInv    .            (no boots)
Will    .....        (no amulet) Stlth
                     (no ring)
HPRegen 0.26/turn    (no ring)
MPRegen 0.08/turn

%: no passive effects
@: mighty, attractive
A: horns 2, retaliatory headbutt
a: no special abilities


You were on level 4 of the Dungeon.
You visited 1 branch of the dungeon, and saw 4 of its levels.

You collected 168 gold pieces.

Inventory:

Hand Weapons
 a - a +0 war axe (weapon)
Armour
 b - a +0 scale mail (worn)
 c - a +0 buckler (worn)
 n - a +0 cloak (worn)
Talismans
 l - a beast talisman
Scrolls
 f - a scroll of immolation {unknown}
 g - a scroll of brand weapon {unknown}
 h - a scroll of silence {unknown}
 j - 2 scrolls of identify {unknown}
 k - 2 scrolls of enchant armour {unknown}
 m - a scroll of teleportation {unknown}


   Skills:
 + Level 4.4 Fighting
 + Level 4.0 Axes
 + Level 4.5 Armour
 + Level 0.5 Dodging
 + Level 4.4 Shields


You had 3 spell levels left.
You didn't know any spells.
Your spell library contained the following spells:

 Spells                   Type           Power      Damage    Failure   Level
 Cigotuvi's Dreadful Rot  Necr/Alch/Air  0%         N/A       94%         2
 Anguish                  Hex/Necr       0%         N/A       100%        4
 Cause Fear               Hex            0%         N/A       100%        4
 Dispel Undead            Necr           0%         3d6       100%        4
 Martyr's Knell           Necr/Summ      0%         N/A       100%        4
 Death Channel            Necr           0%         N/A       100%        6
 Enfeeble                 Hex            0%         N/A       100%        7


Dungeon Overview and Level Annotations

Branches:
Dungeon (4/15)
 Temple: D:4-7

Altars:
Yredelemnul

Shops:
D:1 =*?!


Innate Abilities, Weirdness & Mutations

You have a pair of horns on your head.
You reflexively headbutt those who attack you in melee.


Message History

You block the gnoll's attack.
The gnoll hits you from afar with a +0 spear.
* * * LOW HITPOINT WARNING * * *
The endoplasm barely misses you.
You slash the bombardier beetle!
The bombardier beetle is severely wounded.
You slash the endoplasm!
You kill the endoplasm!
The gnoll hits you but does no damage. x2
The bombardier beetle bites you but does no damage.
The gnoll hits you from afar with a +0 spear.
* * * LOW HITPOINT WARNING * * *
It was a potion of curing.
You feel better. The gnoll closely misses you. The bombardier beetle bites you.
* * * LOW HITPOINT WARNING * * *
You block the gnoll's attack.
You barely miss the bombardier beetle.
The bombardier beetle is severely wounded.
The gnoll hits you from afar with a +0 spear.
* * * LOW HITPOINT WARNING * * *
The gnoll completely misses you. You block the gnoll's attack.
You slice the bombardier beetle!!
You kill the bombardier beetle!
The gnoll hits you but does no damage. The gnoll barely misses you.
The gnoll is attracted toward you.
Your Axes skill increases to level 4!
You closely miss the gnoll. You headbutt the gnoll!
The gnoll is severely wounded.
You block the gnoll's attack. The gnoll barely misses you.
The gnoll hits you with a +0 spear.
* * * LOW HITPOINT WARNING * * *
You completely miss the gnoll.
The gnoll is severely wounded.
The gnoll hits you from afar with a +0 spear.
* * * LOW HITPOINT WARNING * * *
You block the gnoll's attack. The gnoll closely misses you.
You slash the gnoll!
You kill the gnoll!
The gnoll hits you from afar with a +0 spear!
You die...

.#......).###...#.(.. .
..............#..... ..
.......?.....##...##...
.............##......#
.......##............#
####!..[.........$...#
#......##..g......#
.(......###).).....#
...........@.......#
.......##........#
..... .......#.# ...
#..##.#...# .. #...
###..# # #... .## ##..
###.


You could see a gnoll.

Vanquished Creatures
  A bombardier beetle (D:4)
  2 gnolls (D:4)
  A dart slug (D:3)
  A ribbon worm (D:3)
  5 orcs
  9 endoplasms
  3 giant cockroaches
  6 goblins
  8 hobgoblins
  7 kobolds
  4 quokkas
  5 ball pythons
  6 bats
  6 frilled lizards
  7 rats
71 creatures vanquished.

Notes
Turn   | Place    | Note
-------+----------+-------------------------------------------
     0 | D:1      | Fodor the Minotaur Fighter began the quest for the Orb.
     0 | D:1      | Reached XP level 1. HP: 19/19 MP: 0/0
    12 | D:1      | Found Tocoj's Magic Scroll Emporium.
    44 | D:1      | Found Mioruruh's Jewellery Shoppe.
   157 | D:1      | Reached XP level 2. HP: 27/27 MP: 1/1
   260 | D:1      | Found Wiaviz's Distillery.
   453 | D:1      | Found Xageip's General Store.
   543 | D:1      | Reached XP level 3. HP: 33/33 MP: 2/2
   902 | D:2      | Found a basalt altar of Yredelemnul.
  1685 | D:3      | Reached XP level 4. HP: 40/40 MP: 3/3
  2291 | D:4      | HP: 2/41 [gnoll/+0 spear (4)]
  2292 | D:4      | Slain by a gnoll

Illustrated notes

Levels and vault maps discovered:
D:1:      dpeg_arrival_tiny_a, layout_loops_ring, serial_shops,
          nicolae_shop_rolling_square, shop, shop, nicolae_shop_rolling_square
D:2:      layout_loops_ring, basic_altar, minivault_24, roderic_serpentine_path,
          chequers_jeans, minmay_goblin_outpost
D:3:      layout_loops_ring
D:4:      cheibrodos_quashed, layout_cave_pools,
          nicolae_sif_muna_little_library, grunt_temple_overflow_diamond,
          minmay_temple_entry_mini_moons, kennysheep_generic_room_9

Skill      XL: |  1  2  3  4 |
---------------+-------------+-----
Shields        | 4 |  4.4
Armour         | 4 |  4.5
Fighting       | 4 |  4.4
Axes           | 3 4 |  4.0
Dodging        | |  0.5

Action                     |  1- 3 |  4- 6 || total
---------------------------+-------+-------++-------
  Melee: War axe           |   100 |    32 ||   132
         Headbutt          |    15 |     4 ||    19
    Use: Potion            |       |     3 ||     3
 Armour: Scale mail        |    74 |    44 ||   118
  Dodge: Dodged            |    65 |    26 ||    91
  Block: Buckler           |    22 |    18 ||    40

Table legend: (Time is in decaauts)
 A = Elapsed time spent in this place.
 B = Non-inter-level travel time spent in this place.
 C = Inter-level travel time spent in this place.
 D = Time resting spent in this place.
 E = Time spent auto-exploring this place.
 F = Levels seen in this place.
 G = Mean time per level.
                   A        B        C        D        E       F      G
               +--------+--------+--------+--------+--------+-----+--------+
         Total |   2341 |   2288 |     53 |      0 |   1460 |   4 |  585.2 |
       Dungeon |   2341 |   2288 |     53 |      0 |   1460 |   4 |  585.2 |
               +--------+--------+--------+--------+--------+-----+--------+

Top non-repeatable levels by time:
     D:1: 832 daAuts
     D:2: 796 daAuts
     D:3: 676 daAuts
     D:4: 34 daAuts
